 Dungeon Crawl Stone Soup version 0.27-a0-1147-gb3d8e82157 (webtiles) character file.

Game seed: 12630440241769052652

42 DasRunzen the Ducker (level 3, -1/28 HPs)
             Began as a Demonspawn Gladiator on May 12, 2021.
             Slain by an adder (3 damage)
             ... on level 2 of the Dungeon.
             The game lasted 00:02:55 (1400 turns).

DasRunzen the Ducker (Demonspawn Gladiator)         Turns: 1400, Time: 00:02:56

Health: -1/28      AC:  4    Str: 14    XL:     3   Next: 33%
Magic:  3/3        EV: 12    Int: 12    God:
Gold:   27         SH:  0    Dex: 16    Spells: 3/3 levels left

rFire    . . .     SeeInvis .   a - +1 long sword
rCold    . . .     Faith    .   (no shield)
rNeg     . . .     Spirit   .   b - +0 leather armour
rPois    .         Reflect  .   c - +0 helmet
rElec    .         Harm     .   j - scarf {+Inv}
rCorr    .         Rampage  .   (no gloves)
Will     .....                  (no boots)
Stlth    ++........             (no amulet)
HPRegen  0.09/turn              (no ring)
MPRegen  0.08/turn              (no ring)

@: lethally poisoned (-1 -> -5)
A: thin skeletal structure 1, clever 1, low mp 1
a: Evoke Invisibility


You were on level 2 of the Dungeon.
You visited 1 branch of the dungeon, and saw 2 of its levels.

You collected 27 gold pieces.

Inventory:

Hand Weapons
 a - a +1 long sword (weapon)
Missiles
 d - 3 throwing nets (quivered)
Armour
 b - a +0 leather armour (worn)
 c - a +0 helmet (worn)
 j - a scarf of invisibility (worn)
Jewellery
 g - a +6 ring of intelligence
Scrolls
 e - 2 scrolls of identify {unknown}
 f - a scroll of vulnerability {unknown}
Potions
 k - a potion of curing {unknown}
 l - a potion of flight {unknown}


   Skills:
 + Level 2.3 Fighting
 + Level 2.9 Long Blades
 - Level 1.7 Throwing
 + Level 0.9 Armour
 + Level 2.9 Dodging
 + Level 0.8 Stealth
 + Level 0.7 Spellcasting
 + Level 0.4 Evocations


You had 3 spell levels left.
You didn't know any spells.
Your spell library was empty.

Dungeon Overview and Level Annotations

Branches:
Dungeon (2/15)

Altars:

Shops:
D:2 ?


Innate Abilities, Weirdness & Mutations

You have a somewhat thin skeletal structure. (Dex +2, Stealth+)
Your mind is acute. (Int +2)
Your magical capacity is low. (-10% MP)


Message History

The hobgoblin is lightly wounded.
The hobgoblin hits you but does no damage.
You closely miss the hobgoblin.
The hobgoblin is lightly wounded.
The hobgoblin hits you.
You hit the hobgoblin.
The hobgoblin is heavily wounded.
The hobgoblin closely misses you.
You riposte.
You closely miss the hobgoblin.
The hobgoblin is heavily wounded.
You slash the hobgoblin!
You kill the hobgoblin!
The hobgoblin closely misses you.
You hit the hobgoblin.
You kill the hobgoblin!
The adder bites you but does no damage.
You closely miss the adder. The adder barely misses you.
You closely miss the adder.
The adder closely misses you. x2; You riposte.
You hit the adder but do no damage. You hit the adder.
The adder is moderately wounded.
The adder closely misses you.
You hit the adder.
The adder is moderately wounded.
The adder closely misses you.
You riposte.
You barely miss the adder.
The adder is moderately wounded.
The adder bites you.
* * * LOW HITPOINT WARNING * * *
You are lethally poisoned!
The adder poisons you!
You barely miss the adder.
The adder is moderately wounded.
* * * LOW HITPOINT WARNING * * *
You feel very sick.
The adder bites you but does no damage. x2
Unknown command.
It was a potion of mutation.
You feel extremely strange.
You feel less energetic.
You feel clever.
* * * LOW HITPOINT WARNING * * *
You feel sick. The adder bites you.
You die...

#...## #.# ....#
#.# ####...# #.#
..($...# #.#
...(.... #.#
#####...###.#.###
^...........#...#
####.#.#######.#
#.>..S@...#
########..# #..#
#..# #..# #..#
#..# #..#


You could see an adder.

Vanquished Creatures
  An adder (D:2)
  2 endoplasms (D:1)
  3 giant cockroaches
  2 goblins
  7 hobgoblins
  4 kobolds
  A quokka (D:2)
  2 ball pythons
  3 bats
  A frilled lizard (D:1)
  3 rats
29 creatures vanquished.

Notes
Turn   | Place    | Note
-------+----------+-------------------------------------------
     0 | D:1      | DasRunzen the Demonspawn Gladiator began the quest for the
                  | Orb.
     0 | D:1      | Reached XP level 1. HP: 16/16 MP: 1/1
   234 | D:1      | Gained mutation: You have a somewhat thin skeletal
                  | structure. (Dex +2, Stealth+) [demonic ancestry]
   234 | D:1      | Reached XP level 2. HP: 22/22 MP: 2/2
   260 | D:1      | Found a faded altar of an unknown god.
  1138 | D:2      | Found Eryqoek's Magic Scroll Boutique.
  1270 | D:2      | Reached XP level 3. HP: 27/27 MP: 3/3
  1400 | D:2      | Gained mutation: Your magical capacity is low. (-10% MP)
                  | [potion of mutation]
  1400 | D:2      | Gained mutation: Your mind is acute. (Int +2) [potion of
                  | mutation]
  1400 | D:2      | Slain by an adder

Illustrated notes

Levels and vault maps discovered:
D:1:      lemuel_arrival_tunnels, layout_basic, basic_ecumenical_altar
D:2:      layout_basic, basic_altar, serial_shops, shop

Action                   || total
-------------------------++-------
Melee: Long sword        ||    76
  Use: Scroll            ||     3
       Potion            ||     1
 Stab: Sleeping          ||     5
Armor: Leather armour    ||    29
Dodge: Dodged            ||    56
       Rpst.: Long sword ||    18

Table legend: (Time is in decaauts)
 A = Elapsed time spent in this place.
 B = Non-inter-level travel time spent in this place.
 C = Inter-level travel time spent in this place.
 D = Time resting spent in this place.
 E = Time spent auto-exploring this place.
 F = Levels seen in this place.
 G = Mean time per level.
                   A        B        C        D        E       F      G
               +--------+--------+--------+--------+--------+-----+--------+
         Total |   1419 |   1404 |     15 |      0 |   1183 |   2 |  709.5 |
       Dungeon |   1419 |   1404 |     15 |      0 |   1183 |   2 |  709.5 |
               +--------+--------+--------+--------+--------+-----+--------+

Top non-repeatable levels by time:
     D:1: 1129 daAuts
     D:2: 290 daAuts
